 Dungeon Crawl Stone Soup version 0.28-a0-1038-g9c4cb8273d (webtiles) character file.

Game seed: 3808836910444610016

86 ytrimaz the Insei (level 4, -6/29 HPs)
             Began as an Octopode Transmuter on Dec 8, 2021.
             Succumbed to a kobold brigand's curare-tipped dart
             ... in a sewer.
             The game lasted 00:04:29 (2763 turns).

ytrimaz the Insei (Octopode Transmuter)             Turns: 2763, Time: 00:04:29

Health: -6/29      AC:  2    Str:  9    XL:     4   Next: 49%
Magic:  2/7        EV: 19    Int: 17    God:
Gold:   79         SH:  0    Dex: 17    Spells: 3/7 levels left

rFire   . . .      SeeInvis .     - Unarmed
rCold   . . .      Faith    .   (shield currently unavailable)
rNeg    . . .      Spirit   .   (helmet currently unavailable)
rPois   x          Reflect  .   (no amulet)
rElec   .          Harm     .   (no ring)
rCorr   .          Rampage  .   (no ring)
Will    .....                   (no ring)
Stlth   +.........              (no ring)
HPRegen 0.09/turn               (no ring)
MPRegen 0.10/turn               (no ring)
                                (no ring)
                                (no ring)

@: lethally poisoned (-6 -> -41), spider-form (expiring), slowed, very slow
A: venomous fangs, almost no armour, (amphibious), 8 rings, tiny, (camouflage
1), (gelatinous body 1), (nimble swimmer 1), (tentacles)
a: End Transformation


You were in a sewer.
You were a venomous arachnid creature.
You visited 1 branch of the dungeon, and saw 3 of its levels.
You also visited: Sewer.

You collected 79 gold pieces.

Inventory:

Scrolls
 a - a scroll of noise


   Skills:
 * Level 2.0 Fighting
 - Level 2.0 Dodging
 + Level 4.0 Unarmed Combat
 * Level 2.4 Spellcasting
 * Level 2.8 Transmutations


You had 3 spell levels left.
You knew the following spells:

 Your Spells              Type           Power      Damage    Failure   Level
a - Beastly Appendage     Tmut           22%        N/A       17%         1
b - Spider Form           Tmut/Pois      6%         N/A       52%         3

Your spell library contained the following spells:

 Spells                   Type           Power      Damage    Failure   Level
 Wereblood                Tmut           11%        N/A       22%         2
 Static Discharge         Conj/Air       2%         N/A       50%         2
 Ice Form                 Ice/Tmut       6%         N/A       87%         4
 Dispel Undead            Necr           2%         3d7       96%         4
 Sticky Flame             Conj/Fire      2%         2d3       96%         4


Dungeon Overview and Level Annotations

Branches:
Dungeon (3/15)              Sewer (1/1)

Altars:
The Shining One

Shops:
D:1 (


Innate Abilities, Weirdness & Mutations

You are a venomous arachnid creature.
You have poisonous fangs.
You are tiny and dextrous.
Your spellcasting is less reliable in this form.
Your armour is entirely melded.
You are incapable of wielding weapons or throwing items.
You cannot wear most types of armour.
((You are amphibious.))
You can wear up to eight rings at the same time.
((Your skin changes colour to match your surroundings (Stealth+).))
((Your rubbery body absorbs attacks. (AC +1, EV +1)))
((You are camouflaged near water. (Stealth+)))
((You have tentacles for arms and can constrict up to eight enemies at once.))


Message History

Casting: Spider Form (extremely dangerous; 30% risk of failure)
Confirm with . or Enter, or press ? or * to list all spells.
The spell is extremely dangerous to miscast (30% risk of failure)!
Continue anyway?
You turn into a venomous arachnid creature.
You feel sick.
Unknown command.
Unknown command.
You feel sick.
The kobold throws a poisoned dart.
The poisoned dart completely misses you.
Unknown command.
You feel sick.
There is a gate leading back out of this place here.
Unknown command.
Your transformation is almost over.
You feel sick.
The kobold throws a stone.
The stone barely misses you.
You feel sick.
You are no longer poisoned.
Unknown command.
The kobold shouts!
You hit the kobold.
The kobold is moderately wounded.
The kobold closely misses you.
You hit the kobold.
The kobold is poisoned.
The kobold is severely wounded.
The kobold hits you with a +0 dagger.
Your magical contamination has completely faded away.
Unknown command.
You kill the kobold!
Your Unarmed Combat skill increases to level 4!
There is a gate leading back out of this place here.
Unknown command.
Unknown command.
The kobold brigand throws a curare-tipped dart.
The curare-tipped dart hits you.
You are lethally poisoned!
You have difficulty breathing.
You feel yourself slow down.
You enter the shallow water.
Moving in this stuff is going to be slow.
Ouch! That really hurt!
You die...

#≈≈≈≈≈.≈############
#≈≈≈≈≈≈≈≈≈≈≈≈≈≈≈≈≈≈≈
#..≈≈≈K≈############
##≈≈≈K≈## #.≈≈K.#
###)≈≈≈.# #∩..≈≈≈.#
###.≈≈≈.# #.s≈≈.#
##≈≈≈## #≈≈≈# #≈≈≈#
#≈≈≈# #≈≈≈# ##≈≈#
#≈## ##≈#


You could see a kobold brigand and 2 kobolds.

Vanquished Creatures
  2 adders
  A river rat (Sewer)
  2 worms
  A dart slug (D:2)
  An orc (D:3)
  3 bats
  5 endoplasms
  A giant cockroach (D:2)
  4 hobgoblins
  2 jackals (D:1)
  7 kobolds
  5 quokkas
  4 ball pythons
  3 frilled lizards
  2 goblins
  6 rats
49 creatures vanquished.

Vanquished Creatures (others)
  2 plants (D:2)
2 creatures vanquished.

Grand Total: 51 creatures vanquished

Notes
Turn   | Place    | Note
-------+----------+-------------------------------------------
     0 | D:1      | ytrimaz the Octopode Transmuter began the quest for the
                  | Orb.
     0 | D:1      | Reached XP level 1. HP: 13/13 MP: 3/3
    49 | D:1      | Found Retzelon's Weapon Boutique.
   296 | D:1      | Reached XP level 2. HP: 13/18 MP: 5/5
  1127 | D:2      | Reached XP level 3. HP: 23/23 MP: 6/6
  1188 | D:2      | Learned a level 3 spell: Spider Form
  1770 | D:2      | Found a faded altar of an unknown god.
  2070 | D:3      | Found a glowing golden altar of the Shining One.
  2120 | D:3      | Reached XP level 4. HP: 24/29 MP: 7/7
  2243 | D:3      | Found a glowing drain.
  2270 | Sewer    | Entered a sewer
  2719 | Sewer    | Noticed a kobold brigand
  2761 | Sewer    | Reached skill level 4 in Unarmed Combat
  2763 | Sewer    | Succumbed to a kobold brigand's curare-tipped dart

Illustrated notes

Levels and vault maps discovered:
D:1:      heliophobic_arrival_battle_scene, layout_loops_ring, serial_shops,
          shop
D:2:      layout_rooms, serial_forest, infiniplex_forest_lined_2,
          infiniplex_forest_lined_2, infiniplex_forest_clump_C,
          infiniplex_forest_straight_4, infiniplex_forest_zigzag_1,
          infiniplex_forest_clump_medium,
          hellmonk_ecumenical_altar_pennies_from_heaven, minmay_misc_feat_five
D:3:      layout_basic, general_overflow_altar, cheibrodos_sewer_entry_drain
Sewer:    sewer_kobolds

Skill      XL: |  1  2  3  4 |
---------------+-------------+-----
Fighting       | 2 |  2.0
Unarmed Combat | 4 |  4.0
Dodging        | |  2.0
Spellcasting   | |  2.4
Transmutations | |  2.8

Action                   |  1- 3 |  4- 6 || total
-------------------------+-------+-------++-------
Melee: Unarmed           |    95 |    32 ||   127
       Constrict         |    24 |     5 ||    29
       Tentacles         |    14 |     3 ||    17
       Punch             |     3 |       ||     3
 Cast: Spider Form       |     1 |     2 ||     3
  Use: Scroll            |     3 |     1 ||     4
       Potion            |     3 |       ||     3
 Stab: Sleeping          |     5 |     1 ||     6
       Distracted        |     1 |       ||     1
Armor: Skin              |     2 |     2 ||     4
Dodge: Dodged            |    51 |    22 ||    73

Table legend: (Time is in decaauts)
 A = Elapsed time spent in this place.
 B = Non-inter-level travel time spent in this place.
 C = Inter-level travel time spent in this place.
 D = Time resting spent in this place.
 E = Time spent auto-exploring this place.
 F = Levels seen in this place.
 G = Mean time per level.
                   A        B        C        D        E       F      G
               +--------+--------+--------+--------+--------+-----+--------+
         Total |   2754 |   2700 |     54 |    329 |   1881 |   4 |  688.5 |
       Dungeon |   2262 |   2208 |     54 |      0 |   1807 |   3 |  754.0 |
         Sewer |    491 |    491 |      0 |    329 |     74 |   1 |  491.0 |
               +--------+--------+--------+--------+--------+-----+--------+

Top non-repeatable levels by time:
     D:1: 1118 daAuts
     D:2: 886 daAuts
   Sewer: 491 daAuts
     D:3: 257 daAuts
